 Dungeon Crawl Stone Soup version 0.29-a0-330-g52719c12eb (webtiles) character file.

Game seed: 16411124411725464258

245 kae the Firebug (level 5, -12/41 HPs)
             Began as a Demigod Fire Elementalist on Apr 21, 2022.
             Killed by nerve-wracking pain
             ... invoked by an orc priest
              (14 damage)
             ... on level 4 of the Dungeon.
             The game lasted 00:01:36 (3976 turns).

kae the Firebug (Demigod Fire Elementalist)         Turns: 3976, Time: 00:01:37

Health: -12/41     AC:  2    Str: 12    XL:     5   Next: 53%
Magic:  2/12       EV: 12    Int: 21    God:
Gold:   115        SH:  0    Dex: 14    Spells: 8/9 levels left

rFire   . . .      SeeInvis .   j - +9 dagger of Fedhas's Favour {holy, rPois Str+3}
rCold   . . .      Faith    .   (no shield)
rNeg    . . .      Spirit   .   a - +0 robe
rPois   +          Reflect  .   (no helmet)
rElec   .          Harm     .   (no cloak)
rCorr   .          Rampage  .   (no gloves)
Will    .....                   (no boots)
Stlth   ++........              (no amulet)
HPRegen 0.13/turn               (no ring)
MPRegen 0.13/turn               (no ring)

@: no status effects
A: high MP 1, forlorn, divine attributes
a: no special abilities


You were on level 4 of the Dungeon.
You visited 1 branch of the dungeon, and saw 4 of its levels.

You collected 115 gold pieces.

Inventory:

Hand Weapons
 f - a +0 dagger
 j - the +9 dagger of Fedhas's Favour (weapon) {holy, rPois Str+3}
   (You found it on level 2 of the Dungeon)

   It has been blessed by the Shining One to cause great damage to the undead
   and demons.
   Str:       It affects your strength (+3).
   rPois:     It protects you from poison.
Armour
 a - a +0 robe (worn)
Wands
 o - a wand of iceblast (13)
 p - a wand of flame (18)
Scrolls
 d - 4 scrolls of identify {unknown}
 e - 3 scrolls of blinking {unknown}
 g - 3 scrolls of enchant armour {unknown}
 i - a scroll of noise {unknown}
 k - 3 scrolls of teleportation {unknown}
Potions
 b - a potion of magic
 c - 2 potions of invisibility
 h - a potion of curing {unknown}
 l - a potion of might {unknown}
 m - 2 potions of lignification {unknown}
 n - 3 potions of degeneration {unknown}


   Skills:
 + Level 2.1 Fighting
 - Level 1.7 Dodging
 - Level 1.7 Stealth
 + Level 2.7 Spellcasting
 + Level 2.3 Conjurations
 * Level 4.3 Fire Magic


You had 8 spell levels left.
You knew the following spells:

 Your Spells              Type           Power      Damage    Failure   Level
a - Foxfire               Conj/Fire      68%        2x1d7     3%          1

Your spell library contained the following spells:

 Spells                   Type           Power      Damage    Failure   Level
 Scorch                   Fire           42%        2d7       3%          2
 Conjure Flame            Conj/Fire      17%        6-21      11%         3
 Inner Flame              Hex/Fire       12%        N/A       17%         3
 Flame Wave               Conj/Fire      17%        2d6       34%         4
 Gell's Gravitas          Tloc           2%         N/A       38%         3
 Teleport Other           Tloc           2%         N/A       38%         3
 Dispersal                Tloc           1%         N/A       100%        6


Dungeon Overview and Level Annotations

Branches:
Dungeon (4/15)
 Temple: D:4-7

Annotations:
D:3 Terence


Innate Abilities, Weirdness & Mutations

You have an increased reservoir of magic. (+10% MP)
You shall have no god before yourself.
Your divine heritage dramatically boosts your attributes as you level up.


Message History

The foxfire hits the orc.
You kill the orc!
There are monsters nearby!
Casting: Foxfire (safe; 3% risk of failure)
Confirm with . or Enter, or press ? or * to list all spells.
You conjure some foxfire!
The orc priest mumbles some strange prayers to Beogh against you.
Beogh smites you!
You hear a shout!
The foxfire hits the orc.
The orc is severely wounded.
The foxfire hits the orc.
The orc is severely wounded.
Casting: Foxfire (safe; 3% risk of failure)
Confirm with . or Enter, or press ? or * to list all spells.
You conjure some foxfire!
The foxfire hits the orc.
The orc is almost dead.
The foxfire hits the orc.
You kill the orc!
Casting: Foxfire (safe; 3% risk of failure)
Confirm with . or Enter, or press ? or * to list all spells.
You conjure some foxfire!
An orc comes into view.
It is wielding a +0 falchion and carrying a wand of polymorph (9).
The foxfire hits the orc priest but does no damage.
The foxfire hits the orc priest.
The orc priest is lightly wounded.
The orc priest invokes the aid of Beogh against you.
Beogh smites you!
* * * LOW HITPOINT WARNING * * *
Casting: Foxfire (safe; 3% risk of failure)
Confirm with . or Enter, or press ? or * to list all spells.
You conjure some foxfire!
The foxfire hits the orc priest but does no damage.
The orc priest is lightly wounded.
The foxfire hits the orc priest.
The orc priest is moderately wounded.
The orc priest calls down the wrath of Beogh upon you.
Pain shoots through your body!
You die...

#.....# ##.....#
#......#
###.##.####### .
.............. ###..
....##.####### .....
.#####.#####...
..)... ###..........#
###))o.).
##..#.##########@o.#
##.##.#########ยง.###
................##
............#####
.............#
..............#
..............#
..............#
..............#


You could see an orc priest and an orc.

Vanquished Creatures
  An orc priest (D:3)
  Natasha (thrice) (D:2)
  2 orc wizards
  2 adders
  A worm (D:2)
  11 orcs
  8 ball pythons
  7 bats
  3 endoplasms
  2 giant cockroaches
  2 hobgoblins
  2 quokkas (D:2)
  2 frilled lizards
  8 goblins
  6 kobolds
  3 rats
63 creatures vanquished.

Vanquished Creatures (others)
  196 foxfires
196 creatures vanquished.

Grand Total: 259 creatures vanquished

Notes
Turn   | Place    | Note
-------+----------+-------------------------------------------
     0 | D:1      | kae the Demigod Fire Elementalist began the quest for the
                  | Orb.
     0 | D:1      | Reached XP level 1. HP: 14/14 MP: 5/5
   209 | D:1      | Reached skill level 1 in Conjurations
   644 | D:1      | Reached XP level 2. HP: 22/22 MP: 4/7
   705 | D:1      | Reached skill level 3 in Fire Magic
  1258 | D:2      | Identified the +9 dagger of Fedhas's Favour {holy, rPois
                  | Str+3}
  1312 | D:2      | Noticed Natasha
  1318 | D:2      | Killed Natasha
  1319 | D:2      | Reached skill level 1 in Fighting
  1319 | D:2      | Reached XP level 3. HP: 16/28 MP: 8/8
  1320 | D:2      | Noticed Natasha
  1328 | D:2      | Killed Natasha
  1540 | D:2      | Noticed Natasha
  1548 | D:2      | Killed Natasha
  1549 | D:2      | Reached XP level 4. HP: 24/35 MP: 6/10
  2710 | D:3      | Noticed Terence
  2951 | D:3      | Reached skill level 4 in Fire Magic
  2951 | D:3      | Reached XP level 5. HP: 18/41 MP: 6/11
  3974 | D:4      | HP: 1/41 [orc priest/divine providence (13)]
  3976 | D:4      | Killed from afar by an orc priest

Illustrated notes

Levels and vault maps discovered:
D:1:      scummos_arrival_forest, layout_loops_ring, minivault_19
D:2:      layout_basic, uniq_natasha
D:3:      layout_basic, hex_intersection, uniq_terence
D:4:      layout_rooms

Skill      XL: |  1  2  3  4  5 |
---------------+----------------+-----
Conjurations   | 1 2 |  2.3
Fire Magic     | 3 4 |  4.3
Spellcasting   | 2 |  2.7
Fighting       | 1 2 |  2.1
Dodging        | |  1.7
Stealth        | |  1.7

Action                   |  1- 3 |  4- 6 || total
-------------------------+-------+-------++-------
Melee: Unarmed           |     1 |       ||     1
       Dagger            |     8 |    25 ||    33
       Punch             |       |     1 ||     1
 Cast: Foxfire           |    56 |    62 ||   118
  Use: Potion            |       |     1 ||     1
 Stab: Sleeping          |       |     2 ||     2
Armor: Robe              |     4 |     5 ||     9
Dodge: Dodged            |    14 |    21 ||    35

Table legend: (Time is in decaauts)
 A = Elapsed time spent in this place.
 B = Non-inter-level travel time spent in this place.
 C = Inter-level travel time spent in this place.
 D = Time resting spent in this place.
 E = Time spent auto-exploring this place.
 F = Levels seen in this place.
 G = Mean time per level.
                   A        B        C        D        E       F      G
               +--------+--------+--------+--------+--------+-----+--------+
         Total |   3984 |   3901 |     83 |     51 |   3386 |   4 |  996.0 |
       Dungeon |   3984 |   3901 |     83 |     51 |   3386 |   4 |  996.0 |
               +--------+--------+--------+--------+--------+-----+--------+

Top non-repeatable levels by time:
     D:3: 1441 daAuts
     D:2: 1351 daAuts
     D:1: 951 daAuts
     D:4: 239 daAuts
